Map: Overgrown Facility

Players

ezbake

  • Race: Protoss Protoss
  • League: Platinum
  • Spawn Location: 3:00

Passive

  • Race: Terran Terran
  • Spawn Location: 1:00

Throwfordays - Winner!

  • Race: Protoss Protoss
  • League: Silver
  • Spawn Location: 7:00

Cthulhu - Winner!

  • Race: Terran Terran
  • Spawn Location: 9:00

VOD

Have the link to the VOD?

Description

Time

  • Played on: April 4, 2019, 10:30 p.m.
  • Length: 14:55
Show
View Real Time Build Order
Export as new Build Order

ezbake Protoss 

Build Orders: Chargelot Immortal 

Get SALT Encoding   

  1  0:00  Probe  
  12  0:05  Probe  
  14  0:16  Probe  
  15  0:24  Pylon  
  15  0:42  Probe  
  16  0:47  Gateway  
  16  0:52  Assimilator  
  16  0:54  Probe  
  16  0:55  Assimilator  
  17  1:06  Forge  
  17  1:07  Probe  
  18  1:16  Probe  
  18  1:24  Probe  
  20  1:35  Cybernetics Core  
  20  1:38  Probe  
  21  1:50  Probe  
  22  2:02  Probe  
  22  2:06  Nexus  
  23  2:12  Warp Gate  
  23  2:35  Twilight Council  
  23  2:40  Protoss Ground Weapons Level 1, Pylon  
  23  2:51  Pylon  
  23  2:58  Stalker, Probe  
  26  3:10  Probe  
  26  3:11  Charge  
  27  3:14  Probe  
  27  3:18  Probe  
  28  3:22  Probe  
  28  3:26  Gateway  
  30  3:30  Gateway  
  30  3:37  Sentry  
  30  3:39  Probe x2  
  34  3:51  Probe x2  
  36  3:58  Assimilator  
  36  4:02  Assimilator  
  36  4:03  Probe x2  
  38  4:16  Gateway  
  38  4:19  Gateway  
  38  4:20  Gateway  
  38  4:31  Probe  
  38  4:32  Probe  
  38  4:33  Templar Archives  
  40  4:39  Sentry  
  40  4:40  Stalker  
  40  4:43  Stalker  
  46  4:47  Probe  
  46  4:48  Probe  
  48  4:59  Probe  
  49  5:00  Probe  
  49  5:03  Protoss Ground Weapons Level 2  
  50  5:08  Psionic Storm  
  50  5:12  Probe x2  
  52  5:21  Pylon  
  52  5:23  Pylon  
  52  5:25  Stalker  
  52  5:26  Pylon  
  54  5:41  Zealot x3  
  60  5:52  High Templar  
  60  5:54  Pylon  
  62  5:58  High Templar  
  62  6:01  Zealot  
  62  6:03  Zealot x2  
  62  6:04  Zealot  
  72  6:16  Probe x2  
  74  6:24  Stalker x2  
  74  6:25  Robotics Facility  
  78  6:28  Probe  
  79  6:48  Zealot x3  
  85  7:01  Protoss Ground Weapons Level 3  
  85  7:09  Blink  
  85  7:22  Nexus  
  85  7:23  Robotics Facility  
  85  7:24  Pylon  
  85  7:34  Pylon, Immortal  
  89  8:07  Immortal x2  
  97  8:25  Pylon  
  97  8:29  Pylon  
  97  8:30  Pylon  
  97  8:32  Pylon  
  97  8:34  Pylon, Immortal  
  97  8:36  Pylon  
  97  8:39  Pylon  
  97  8:40  Observer, Probe x3  
  100  8:43  High Templar x3  
  111  8:52  Probe x3, Warp Prism  
  116  9:03  Assimilator  
  116  9:04  Probe x3  
  116  9:09  Assimilator  
  119  9:13  Immortal  
  123  9:29  Immortal  
  127  9:35  Probe x3  
  130  9:42  Stalker x2  
  130  9:43  Stalker x2  
  138  9:47  Probe x3  
  140  9:55  Protoss Ground Armor Level 1, Immortal  
  140  9:59  Immortal  
  148  10:14  High Templar  
  148  10:15  High Templar x3  
  148  10:18  Archon  
  148  10:19  Archon  
  156  10:29  Stalker x2  
  156  10:34  Gateway  
  160  10:37  Gateway  
  160  10:38  Pylon  
  160  10:43  Gateway  
  160  10:45  Gateway  
  160  10:47  Pylon  
  160  10:53  Observer x2  
  160  10:56  Stalker x5  
  157  11:16  Stalker  
  154  11:20  Stalker x3  
  154  11:21  Stalker  
  157  11:53  Zealot x2  
  157  11:54  Zealot x3  
  162  12:21  Immortal  
  162  12:22  Immortal  
  138  12:46  Probe  
  138  12:47  Probe x2  
  119  12:58  Probe  
  119  12:59  Probe x2  
  85  13:10  Probe  
  85  13:11  Probe x2  
  56  13:14  Immortal  
  56  13:15  Immortal  
  56  13:18  High Templar x5  
  56  13:19  High Templar x2  
  78  13:23  Probe x2  
  78  13:25  Archon x3  
  69  13:52  Zealot x3  
  69  13:53  Zealot x3  
  54  14:09  Stalker x4  
  26  14:34  Probe  
  27  14:42  Probe  
Show
View Real Time Build Order
Export as new Build Order

Passive Terran 

Build Orders:  

Get SALT Encoding   

  12  0:01  SCV  
  13  0:13  SCV  
  14  0:18  Supply Depot  
  14  0:25  SCV  
  15  0:44  SCV  
  15  0:47  Barracks  
  16  0:55  Refinery  
  16  0:56  SCV  
  17  1:00  Refinery  
  17  1:08  SCV  
  18  1:15  Supply Depot  
  18  1:20  SCV  
  19  1:33  SCV  
  19  1:36  Marine  
  21  1:45  SCV  
  22  1:54  Marine  
  23  2:00  SCV  
  24  2:11  Marine  
  25  2:15  SCV, Command Center  
  26  2:27  Orbital Command  
  26  2:30  Marine  
  27  2:43  Factory  
  27  2:48  Marine  
  28  2:58  SCV  
  29  3:04  Supply Depot  
  29  3:07  Engineering Bay  
  29  3:10  Marine  
  30  3:13  SCV  
  31  3:28  Marine, Supply Depot  
  32  3:35  Starport, Factory Tech Lab  
  32  3:39  SCV  
  32  3:41  Terran Infantry Weapons Level 1  
  33  3:48  Barracks  
  33  3:56  Siege Tank  
  33  4:01  SCV  
  37  4:10  Refinery  
  37  4:13  SCV  
  37  4:14  Marine  
  39  4:22  SCV  
  39  4:23  Supply Depot  
  40  4:25  SCV  
  41  4:34  SCV  
  41  4:36  Factory Reactor  
  41  4:37  Barracks Tech Lab  
  42  4:38  Barracks Reactor  
  42  4:40  Raven  
  42  4:43  SCV  
  45  4:46  SCV  
  46  4:55  SCV  
  46  4:56  Marine  
  46  4:59  SCV  
  49  5:07  SCV, Barracks  
  49  5:11  SCV  
  49  5:12  Barracks  
  51  5:14  Marine x2  
  51  5:15  Marine  
  51  5:17  Stimpack  
  51  5:19  Supply Depot  
  54  5:22  SCV  
  54  5:23  SCV  
  56  5:29  Armory  
  56  5:35  Terran Infantry Armor Level 1  
  56  5:36  Engineering Bay  
  56  5:44  Marine x3  
  56  5:47  SCV  
  60  5:52  Medivac  
  60  5:54  Medivac  
  64  5:57  Barracks Reactor  
  64  6:02  Marine x2  
  66  6:04  Orbital Command  
  66  6:10  Refinery  
  66  6:14  Missile Turret  
  66  6:16  Missile Turret  
  66  6:23  Sensor Tower, Terran Infantry Weapons Level 2  
  66  6:31  Marine  
  66  6:32  Marine  
  68  6:34  Marine  
  68  6:39  Terran Vehicle Weapons Level 1  
  69  6:49  Medivac  
  69  6:50  Barracks Reactor  
  71  6:56  Combat Shield  
  71  7:16  Command Center  
  71  7:21  Marine x2  
  73  7:22  Marine  
  73  7:28  Missile Turret  
  73  7:29  Terran Infantry Armor Level 2  
  74  7:31  Marine  
  74  7:33  Marine  
  76  7:49  Marine x2, Missile Turret  
  78  8:09  Refinery  
  78  8:28  Marine x7, Siege Tank  
  78  8:31  Refinery  
  75  8:45  Marine x5, Medivac x2  
  75  8:48  Marine x2, Terran Infantry Weapons Level 3  
  79  8:59  Orbital Command  
  79  9:00  Siege Tank  
  82  9:03  Marine x5  
  82  9:06  Marine x2  
  89  9:10  Terran Vehicle Weapons Level 2  
  89  9:21  Marine x4  
  93  9:35  Marine x3  
  93  9:37  Supply Depot  
  96  9:39  Marine x4  
  96  9:42  Supply Depot  
  100  9:45  Terran Infantry Armor Level 3  
  100  9:53  Marine  
  100  9:58  Marine x6, SCV  
  100  9:59  Supply Depot  
  108  10:02  SCV  
  108  10:04  SCV  
  110  10:11  Marine, SCV  
  110  10:16  Marine x6  
  110  10:20  Medivac x2  
  120  10:23  SCV  
  121  10:29  Marine  
  121  10:34  Marine x3  
  125  10:43  Barracks  
  125  10:51  Supply Depot  
  125  10:58  Supply Depot  
  125  11:12  Marine x7  
  125  11:13  SCV  
  125  11:15  Supply Depot  
  125  11:17  Missile Turret  
  133  11:25  SCV  
  134  11:26  Terran Vehicle And Ship Armor Level 1  
  134  11:30  Marine x5  
  134  11:31  Marauder  
  141  11:36  Marine  
  141  11:38  Supply Depot  
  142  11:48  Marine  
  143  11:58  Marine x2  
  143  11:59  Marine x2  
  143  12:00  Marine  
  142  12:02  Supply Depot  
  142  12:03  Marine x2  
  142  12:06  Marine  
  130  12:15  Concussive Shells  
  130  12:16  Marine x2  
  130  12:17  Marine x3  
  130  12:21  Marine  
  134  12:24  Marine  
  130  12:34  Marine x3  
  130  12:35  Marine x2  
  130  12:36  Barracks Reactor  
  134  12:40  Marauder  
  134  12:42  Marine  
  137  12:46  Medivac x2  
  130  12:52  Marine x2  
  123  13:03  Marine x5  
  114  13:10  Marine  
  79  13:20  Marine x2  
  79  13:21  Marine x6  
  79  13:23  Medivac x2, Siege Tank  
  94  13:27  Marine  
  92  13:38  Marine x2  
  92  13:39  Marine x6  
  100  13:45  Marine  
  101  13:55  Siege Tank  
  101  13:56  Marine x2  
  101  13:57  Marine x5, Marauder  
  101  14:03  Marine  
  85  14:14  Marine x6  
  85  14:15  Marine  
  78  14:19  Marauder  
  78  14:21  Marine  
  65  14:32  Marine x7  
Show
View Real Time Build Order
Export as new Build Order

Throwfordays Protoss - Winner!

Build Orders: Double Forge 

Get SALT Encoding   

  12  0:00  Probe  
  13  0:13  Probe  
  14  0:18  Pylon  
  14  0:25  Probe  
  15  0:39  Gateway  
  15  0:41  Probe  
  16  0:46  Assimilator  
  16  0:52  Probe  
  17  1:00  Probe  
  18  1:08  Probe  
  19  1:20  Probe  
  20  1:29  Cybernetics Core  
  20  1:35  Probe  
  21  1:49  Nexus  
  21  1:56  Probe  
  21  1:58  Assimilator  
  22  2:08  Probe  
  23  2:16  Pylon  
  23  2:20  Warp Gate  
  23  2:28  Robotics Facility  
  23  2:34  Adept, Probe  
  26  2:37  Forge  
  26  2:46  Gateway  
  26  2:59  Robotics Facility  
  26  3:11  Adept  
  28  3:12  Probe  
  29  3:20  Probe  
  29  3:21  Probe  
  31  3:32  Probe  
  32  3:37  Probe  
  33  3:44  Probe  
  35  3:48  Observer  
  35  3:49  Probe  
  35  3:54  Immortal  
  40  3:56  Probe  
  40  3:58  Pylon  
  40  4:01  Probe  
  42  4:08  Probe  
  43  4:13  Probe  
  44  4:18  Robotics Bay  
  44  4:19  Protoss Ground Weapons Level 1  
  44  4:21  Forge  
  44  4:27  Probe  
  44  4:30  Probe  
  46  4:39  Probe  
  46  4:41  Immortal  
  46  4:42  Probe  
  52  4:55  Extended Thermal Lance  
  52  5:10  Probe  
  52  5:12  Assimilator  
  52  5:14  Probe  
  54  5:21  Nexus  
  54  5:23  Assimilator  
  54  5:27  Assimilator  
  54  5:29  Pylon  
  54  5:34  Pylon  
  54  5:37  Pylon  
  54  5:38  Pylon  
  54  5:41  Pylon  
  54  5:44  Assimilator  
  54  5:47  Probe x2  
  56  5:58  Protoss Ground Armor Level 1  
  56  5:59  Twilight Council, Probe x2  
  56  6:02  Colossus  
  65  6:11  Probe  
  65  6:23  Stalker  
  65  6:24  Stalker  
  69  6:39  Colossus  
  75  6:47  Photon Cannon  
  75  6:49  Probe  
  75  6:51  Photon Cannon  
  76  6:57  Probe x2  
  77  7:06  Warp Prism  
  77  7:07  Probe  
  80  7:09  Probe  
  80  7:10  Gateway  
  80  7:12  Gateway  
  80  7:14  Gateway  
  82  7:15  Dark Shrine  
  82  7:16  Protoss Ground Weapons Level 2  
  82  7:19  Probe  
  82  7:22  Probe  
  84  7:31  Probe  
  84  7:34  Probe  
  86  7:41  Stalker x2  
  90  7:46  Probe  
  91  8:00  Colossus x2  
  103  8:39  Stalker  
  103  8:40  Stalker x2  
  109  8:48  Pylon  
  109  8:49  Pylon  
  109  8:50  Pylon  
  109  8:52  Pylon  
  109  8:53  Pylon  
  109  8:55  Pylon  
  109  8:56  Pylon  
  109  9:06  Probe  
  110  9:17  Photon Cannon  
  110  9:23  Observer x2  
  112  9:25  Photon Cannon, Stalker x5  
  122  9:40  Protoss Ground Weapons Level 3  
  122  9:41  Photon Cannon  
  122  9:44  Nexus, Protoss Ground Armor Level 2  
  122  9:45  Photon Cannon  
  122  9:46  Pylon  
  122  9:48  Photon Cannon  
  122  9:49  Pylon  
  122  9:56  Pylon  
  122  9:57  Pylon  
  122  10:00  Pylon  
  122  10:01  Pylon  
  122  10:03  Pylon  
  122  10:07  Immortal x2  
  122  10:13  Robotics Facility  
  130  10:15  Robotics Facility  
  130  10:17  Robotics Facility  
  130  10:22  Robotics Facility  
  130  10:28  Robotics Facility  
  130  10:32  Assimilator  
  130  10:35  Assimilator  
  130  10:38  Dark Templar x3  
  130  10:39  Dark Templar x2  
  134  11:50  Immortal x4  
  148  12:00  Stalker x2  
  148  12:01  Stalker x3  
  156  12:05  Blink  
  156  12:25  Immortal  
  156  12:29  Stalker x2, Immortal x3  
  180  12:30  Stalker x3, Immortal  
  180  13:04  Immortal  
Show
View Real Time Build Order
Export as new Build Order

Cthulhu Terran - Winner!

Build Orders: Mech 

Get SALT Encoding   

  12  0:01  SCV  
  13  0:13  SCV  
  14  0:22  Supply Depot  
  14  0:27  SCV  
  15  0:43  SCV  
  15  0:44  Barracks  
  16  0:51  Refinery  
  16  0:58  SCV  
  17  1:11  SCV  
  19  1:33  Orbital Command  
  19  1:34  Supply Depot  
  18  1:46  Marine  
  18  2:03  Command Center  
  18  2:04  SCV  
  18  2:06  Marine  
  20  2:16  Refinery, SCV  
  21  2:33  Marine  
  21  2:36  SCV  
  23  2:42  Factory  
  23  2:46  Barracks  
  23  2:48  SCV  
  24  3:01  Marine  
  25  3:12  Command Center  
  25  3:14  SCV  
  26  3:26  Orbital Command  
  26  3:32  Hellion  
  28  3:37  Barracks Tech Lab  
  28  3:41  SCV  
  29  3:42  Marine  
  30  3:53  SCV  
  31  4:05  SCV  
  32  4:13  SCV  
  32  4:14  Hellion  
  35  4:17  SCV  
  36  4:31  Factory  
  36  4:35  SCV x2, Orbital Command  
  36  4:36  Marine  
  36  4:37  Hellion  
  41  4:41  Barracks Tech Lab  
  41  4:47  SCV  
  42  4:59  Hellion  
  44  5:06  Ghost Academy  
  44  5:12  SCV x3  
  44  5:13  Marine x2  
  49  5:27  SCV x3  
  52  5:32  Supply Depot x2  
  52  5:34  Engineering Bay  
  52  5:36  Factory Tech Lab  
  52  5:38  Siege Tank  
  52  5:41  Refinery  
  55  5:48  Refinery  
  55  5:49  Refinery  
  55  5:57  Siege Tank  
  55  5:59  Combat Shield  
  58  6:06  Armory  
  58  6:08  Armory  
  58  6:10  SCV x3  
  61  6:16  Siege Tank  
  64  6:37  SCV x2  
  64  6:38  SCV  
  64  6:39  Ghost  
  69  6:40  Marine  
  69  6:42  Siege Tank  
  73  6:51  SCV x3  
  76  6:55  Supply Depot  
  76  7:07  Siege Tank, Ghost  
  81  7:08  Factory  
  81  7:11  Supply Depot, Terran Vehicle Weapons Level 1, Terran Vehicle And Ship Armor Level 1  
  81  7:26  Starport  
  81  7:33  SCV  
  81  7:35  SCV x2  
  84  7:45  Missile Turret  
  84  7:46  Missile Turret  
  84  7:47  Missile Turret  
  84  7:49  Missile Turret  
  84  7:52  Command Center  
  84  7:54  Missile Turret  
  84  7:56  Missile Turret  
  84  8:00  Supply Depot  
  84  8:06  Factory Tech Lab  
  84  8:08  Missile Turret  
  84  8:11  Marine, SCV x3  
  84  8:12  Marine  
  89  8:13  Thor  
  94  8:22  Missile Turret  
  80  8:51  SCV x3  
  80  8:52  Marine, Ghost  
  80  8:54  Thor  
  92  9:02  Supply Depot  
  92  9:03  SCV x2  
  92  9:06  Refinery  
  94  9:14  Orbital Command  
  94  9:48  Sensor Tower  
  92  9:59  Terran Infantry Armor Level 1, Terran Vehicle Weapons Level 2, Terran Vehicle And Ship Armor Level 2  
  91  10:02  Medivac  
  91  10:03  SCV x3  
  91  10:04  SCV, Ghost  
  91  10:05  Marine  
  91  10:06  Thor, Siege Tank x2  
  110  10:28  Sensor Tower  
  110  10:30  Missile Turret  
  110  10:32  Ghost, Missile Turret  
  110  10:35  Sensor Tower  
  112  10:37  Starport Reactor  
  112  10:47  Supply Depot  
  112  10:51  Marine  
  112  10:53  Thor, Siege Tank  
  122  11:01  Ghost  
  122  11:03  Refinery  
  124  11:17  Siege Tank  
  127  11:23  Viking, Medivac  
  127  11:25  Thor  
  137  11:29  Personal Cloaking  
  137  11:33  Ghost Academy  
  80  12:34  Thor, Siege Tank x2  
  80  12:35  Ghost  
  80  12:36  Marine  
  89  12:37  Viking, Medivac  
  89  12:42  Factory  
  93  12:53  Marine  
  92  13:06  Thor  
  93  13:15  SCV  
  93  13:16  SCV x2, Ghost  
  93  13:17  Marine  
  99  13:24  Command Center  
  99  13:25  Factory  
  99  13:32  Thor, Siege Tank  
  108  13:37  Factory  
  108  13:38  Factory  
  108  13:39  Factory Tech Lab  
  108  13:43  Refinery  
  106  14:10  Refinery  
  106  14:11  Refinery  
Tags
 
Add a new tag
Caveats
  • Supply blocks, unpowered buildings, or Contaminate may cause inaccurate times.
  • Supply counts are checked every 10 seconds.